 Dungeon Crawl Stone Soup version 0.27.1 (webtiles) character file.

Game seed: 3722496748551766844

502 funkygono the Firebug (level 7, -3/36 HPs)
             Began as a Gargoyle Fire Elementalist on Aug 31, 2021.
             Killed by divine providence
             ... invoked by an orc priest
              (10 damage)
             ... on level 4 of the Dungeon.
             The game lasted 00:09:11 (4367 turns).

funkygono the Firebug (Gargoyle Fire Elementalist)  Turns: 4367, Time: 00:09:12

Health: -3/36      AC:  6    Str: 12    XL:     7   Next: 17%
Magic:  0/13       EV: 12    Int: 17    God:
Gold:   94         SH:  0    Dex: 10    Spells: 2/15 levels left

rFire    . . .     SeeInvis .   c - +0 whip
rCold    . . .     Faith    .   (no shield)
rNeg     + . .     Spirit   .   a - +0 robe
rPois    ∞         Reflect  .   (no helmet)
rElec    +         Harm     .   (no cloak)
rCorr    .         Rampage  .   (no gloves)
Will     .....                  (no boots)
Stlth    ++........             (no amulet)
HPRegen  0.12/turn              (no ring)
MPRegen  0.13/turn              (no ring)

@: flying
A: sickness immunity, AC +4, negative energy resistance 1, electricity
resistance, torment resistance 1, petrification resistance
a: no special abilities


You were on level 4 of the Dungeon.
You visited 1 branch of the dungeon, and saw 4 of its levels.

You collected 94 gold pieces.

Inventory:

Hand Weapons
 c - a +0 whip (weapon)
 e - a +0 mace
Missiles
 f - 84 stones
Armour
 a - a +0 robe (worn)
Wands
 d - a wand of polymorph (7)
 k - a wand of acid (11)
Scrolls
 h - 3 scrolls of identify
 n - a scroll of noise {unknown}
Potions
 b - a potion of haste
 i - a potion of attraction {unknown}
 j - a potion of brilliance {unknown}
 l - a potion of lignification {unknown}
 m - a potion of flight


   Skills:
 + Level 0.2 Fighting
 + Level 1.7 Dodging
 - Level 2.1 Stealth
 * Level 4.6 Spellcasting
 * Level 3.9 Conjurations
 * Level 5.1 Fire Magic


You had 2 spell levels left.
You knew the following spells:

 Your Spells              Type           Power      Damage    Failure   Level
a - Foxfire               Conj/Fire      76%        2x1d7     2%          1
b - Conjure Flame         Conj/Fire      19%        6-21      7%          3
c - Sticky Flame          Conj/Fire      19%        2d4       22%         4
d - Fireball              Conj/Fire      9%         3d6       54%         5

Your spell library contained the following spells:

 Spells                   Type           Power      Damage    Failure   Level
 Animate Skeleton         Necr           6%         N/A       16%         1
 Pain                     Necr           12%        1d4       16%         1
 Inner Flame              Hex/Fire       12%        N/A       16%         3
 Vampiric Draining        Necr           1%         2d6       41%         3


Dungeon Overview and Level Annotations

Branches:
Dungeon (4/15)
 Temple: D:4-7

Altars:
Cheibriados


Innate Abilities, Weirdness & Mutations

You are immune to sickness and miasma.
Your stone body is resilient. (AC +4)
You are immune to poison.
You resist negative energy. (rN+)
You are resistant to electric shocks. (rElec)
You are resistant to unholy torment.
You are immune to petrification.


Message History

The foxfire hits the orc priest.
The orc priest completely resists.
The orc priest is lightly wounded.
The foxfire hits the orc priest.
The orc priest completely resists.
The orc priest is lightly wounded.
The orc priest barely misses you.
You feel better. The orc priest hits you with a +0 whip.
* * * LOW HITPOINT WARNING * * *
You feel better. The orc priest hits you with a +0 whip.
Your magical contamination has completely faded away.
Casting: Foxfire (safe; 2% risk of failure)
Confirm with . or Enter, or press ? or * to list all spells.
You don't have enough magic to cast this spell.
Unknown command.
You barely miss the orc priest.
The orc priest is lightly wounded.
The orc priest calls down the wrath of Beogh upon you.
Beogh smites you!
* * * LOW HITPOINT WARNING * * *
You hit the orc priest but do no damage.
The orc priest is lightly wounded.
The orc priest closely misses you.
Casting: Foxfire (safe; 2% risk of failure)
Confirm with . or Enter, or press ? or * to list all spells.
You conjure some foxfire!
The orc priest misses you.
A hobgoblin comes into view.
Unknown command.
The hobgoblin shouts!
You hit the orc priest.
The orc priest is moderately wounded.
The foxfire hits the orc priest but does no damage.
The orc priest is moderately wounded.
The foxfire hits the orc priest.
The orc priest resists.
The orc priest is moderately wounded.
The orc priest begins to cast a cantrip, but forgets the words!
It was a potion of flight.
You feel very buoyant.
You fly up into the air.
The orc priest invokes the aid of Beogh against you.
Beogh smites you!
You die...

...###§§ .....
#..# ##g# #..#
#..# ###)##
##...## #...@.#
####o.## ##))##
... ##).# #....
#.)######.....
##..#.........
#..........##
##...........#
#............##


You could see an orc priest and a hobgoblin.

Vanquished Creatures
  Blork the orc (D:4)
  A scorpion (D:3)
  An orc priest (D:4)
  An iguana (D:3)
  Terence (D:2)
  Natasha (thrice) (D:2)
  An orc wizard (D:4)
  4 gnolls (D:2)
  6 adders
  A worm (D:3)
  3 dart slugs
  3 orcs (D:4)
  3 endoplasms
  6 giant cockroaches
  13 goblins
  9 hobgoblins
  2 jackals (D:2)
  4 quokkas
  11 ball pythons
  6 bats
  9 frilled lizards
  8 kobolds
  4 rats
101 creatures vanquished.

Vanquished Creatures (others)
  351 foxfires
  5 plants (D:2)
  8 withered plants (D:2)
364 creatures vanquished.

Grand Total: 465 creatures vanquished

Notes
Turn   | Place    | Note
-------+----------+-------------------------------------------
     0 | D:1      | funkygono the Gargoyle Fire Elementalist began the quest
                  | for the Orb.
     0 | D:1      | Reached XP level 1. HP: 10/10 MP: 3/3
   187 | D:1      | Reached XP level 2. HP: 9/15 MP: 0/5
   681 | D:1      | Reached XP level 3. HP: 18/19 MP: 0/6
   685 | D:1      | Learned a level 3 spell: Conjure Flame
  1692 | D:2      | Noticed Natasha
  1696 | D:2      | Killed Natasha
  1697 | D:2      | Reached XP level 4. HP: 24/24 MP: 3/8
  1771 | D:2      | Noticed Natasha
  1788 | D:2      | Killed Natasha
  1796 | D:2      | Noticed Natasha
  1836 | D:2      | Killed Natasha
  1837 | D:2      | Reached skill level 4 in Fire Magic
  1837 | D:2      | Reached XP level 5. HP: 23/28 MP: 1/9
  1923 | D:2      | Learned a level 4 spell: Sticky Flame
  2337 | D:2      | Noticed Terence
  2348 | D:2      | Killed Terence
  2567 | D:2      | Reached XP level 6. HP: 29/32 MP: 2/11
  2734 | D:2      | Found a faded altar of an unknown god.
  3273 | D:3      | Found a snail-covered altar of Cheibriados.
  3998 | D:3      | Learned a level 5 spell: Fireball
  4275 | D:4      | Noticed Blork the orc
  4316 | D:4      | Killed Blork the orc
  4317 | D:4      | Reached skill level 5 in Fire Magic
  4317 | D:4      | Reached XP level 7. HP: 36/36 MP: 7/13
  4367 | D:4      | Killed from afar by an orc priest

Illustrated notes

Levels and vault maps discovered:
D:1:      erik_arrival_cave_to_civilisation [erik_arrival_cave_to_hall],
          layout_basic
D:2:      layout_basic, shapermc_ecumenical_altar_flowoftime, kennysheep_path_1,
          uniq_natasha, uniq_terence
D:3:      layout_rooms, mainiacjoe_overflow_small_starburst,
          minmay_misc_feat_tower
D:4:      layout_layer_cave, lemuel_blue_sif_altar, roderic_roman_lattice,
          uniq_blork_the_orc

Skill      XL: |  1  2  3  4  5  6 |
---------------+-------------------+-----
Spellcasting   | 3 4 |  4.6
Conjurations   | 2 3 |  3.9
Fire Magic     | 4 5 |  5.1
Fighting       | |  0.2
Dodging        | |  1.7
Stealth        | |  2.1

Action                   |  1- 3 |  4- 6 |  7- 9 || total
-------------------------+-------+-------+-------++-------
Melee: Unarmed           |     6 |     6 |       ||    12
       Whip              |     6 |    16 |     6 ||    28
 Cast: Foxfire           |    62 |   131 |    13 ||   206
       Sticky Flame      |       |     1 |       ||     1
  Use: Scroll            |     2 |     4 |       ||     6
       Potion            |       |       |     3 ||     3
Armor: Robe              |     4 |    18 |       ||    22
       Skin              |       |     1 |       ||     1
Dodge: Dodged            |    15 |    51 |     3 ||    69
